 Dungeon Sprint DCSS version 0.28-a0-932-g843f935a50 (webtiles) character file.

Game seed: 2694447193857500055

724 emperorscorpion the Thaumaturge (level 8, -1/62 HPs)
             Began as a Djinni Air Elementalist on Nov 27, 2021.
             Was a Follower of Makhleb.
             Slain by a manticore (12 damage)
             ... in the Dungeon (Sprint IX: "|||||||||||||||||||||||||||||").
             The game lasted 00:04:07 (549 turns).

emperorscorpion the Thaumaturge (DjAE)               Turns: 549, Time: 00:04:07

Health: -1/62      AC:  7    Str: 11    XL:     8   Next: 2%
Gold:   0          EV: 15    Int: 18    God:    Makhleb [*.....] SH:  0 Dex: 16

rFire   + + .      SeeInvis .   i - +2 rapier of Light {venom, Fly rN++ Str+2}
rCold   x . .      Faith    .   (no shield)
rNeg    + + .      Spirit   .   a - +0 robe
rPois   ∞          Reflect  .   j - +0 helmet
rElec   .          Harm     .   (no cloak)
rCorr   .          Rampage  .   k - +0 pair of gloves
Will    .....      NoTele   +   (boots unavailable)
Stlth   ++........              (no amulet)
HPRegen 0.20/turn               m - +2 ring of protection
MPRegen 0.00/turn               n - +3 ring of dexterity

@: flying
A: sickness immunity, fire resistance 2, cold vulnerability 1, float, innate
caster, hp casting, extra vitality 1
a: Renounce Religion


You were in the Dungeon.
You worshipped Makhleb.
Makhleb was aware of your devotion.
You visited 1 branch

Inventory:

Hand Weapons
 g - a +0 dagger
 i - the +2 rapier of Light (weapon) {venom, Fly rN++ Str+2}
   (You found it in the Dungeon)

   It poisons the flesh of those it strikes.
   Str:       It affects your strength (+2).
   rN:        It greatly protects you from negative energy.
   Fly:       It grants you flight.
Armour
 a - a +0 robe (worn)
 j - a +0 helmet (worn)
 k - a +0 pair of gloves (worn)
 l - a +0 plate armour
Jewellery
 m - a +2 ring of protection (left hand)
 n - a +3 ring of dexterity (right hand)
Wands
 h - a wand of iceblast (7)
Scrolls
 f - 2 scrolls of blinking
Potions
 d - a potion of haste
 e - 2 potions of heal wounds


   Skills:
 * Level 6.6 Fighting
 - Level 1.0 Short Blades
 * Level 6.5 Armour
 + Level 6.5 Dodging
 - Level 1.9 Stealth
 - Level 9.5 Spellcasting
 * Level 0.7 Invocations
 + Level 0.9 Evocations


You had 10 spell levels left.
You knew the following spells:

 Your Spells              Type           Power      Damage    Failure   Level
a - Shock                 Conj/Air       100%       1d9       1%          1
b - Static Discharge      Conj/Air       42%        N/A       1%          2
c - Swiftness             Air            42%        N/A       1%          3
d - Airstrike             Air            21%        N/A       1%          4
e - Beastly Appendage     Tmut           84%        N/A       1%          1
f - Passwall              Tmut/Erth      35%        N/A       1%          2
g - Spider Form           Tmut/Pois      42%        N/A       1%          3
Your spell library was empty.

Dungeon Overview and Level Annotations

Branches:
Dungeon (1/1)

Altars:
Cheibriados
Dithmenos
Elyvilon
Fedhas
Gozag
Hepliaklqana
Kikubaaqudgha
Makhleb
Nemelex Xobeh
Okawaru
Qazlal
Ru
Sif Muna
Trog
Uskayaw
Vehumet
Wu Jian
Xom
Yredelemnul
Zin
The Shining One
Beogh
Jiyva
Lugonu


Innate Abilities, Weirdness & Mutations

You are immune to sickness and miasma.
You are immune to poison.
Your flesh is very heat resistant. (rF++)
You are vulnerable to cold. (rC-)
You float through the air rather than walking.
You learn spells naturally, not from books.
Your magical power is your life essence.
You have superior vitality. (+4 HP)


Message History

The centaur warrior is lightly wounded.
The manticore barely misses you. The manticore closely misses you.
The manticore claws you!
Unknown command.
Casting: Shock (safe; 1% risk of failure)
Confirm with . or Enter, or press ? or * to list all spells.
Aiming: Shock (safe; 1% risk of failure)
Press: ? - help, Shift-Dir - straight line, f/p - manticore
Aim: a manticore (heavily wounded, 84% to hit)
The zap misses the manticore.
The zap misses the vampire mosquito.
The zap hits the cyclops!
The cyclops is severely wounded.
The zap hits the fire elemental.
The fire elemental resists.
The fire elemental is lightly damaged.
The zap hits the deep elf pyromancer.
The deep elf pyromancer is severely wounded.
The zap hits the centaur warrior.
The centaur warrior is moderately wounded.
The manticore bites you.
* * * LOW HITPOINT WARNING * * *
The manticore completely misses you. The manticore claws you.
* * * LOW HITPOINT WARNING * * *
Unknown command.
Casting: Shock (safe; 1% risk of failure)
Confirm with . or Enter, or press ? or * to list all spells.
Aiming: Shock (safe; 1% risk of failure)
Press: ? - help, Shift-Dir - straight line, f/p - manticore
Aim: a manticore (heavily wounded, 84% to hit)
The zap hits the manticore but does no damage.
The manticore is heavily wounded.
The zap misses the vampire mosquito.
The zap hits the cyclops.
The cyclops is almost dead.
The zap hits the fire elemental but does no damage.
The fire elemental is lightly damaged.
The zap hits the deep elf pyromancer.
The deep elf pyromancer is severely wounded.
The zap misses the centaur warrior.
* * * LOW HITPOINT WARNING * * *
The manticore bites you!
You die...

▓c▓
▓e▓
▓○▓
▓E▓
▓C▓
▓y▓
▓H▓
▓@▓
▓.▓
▓.▓
▓.▓
▓.▓
▓.▓
▓'▓
▓.▓
▓.▓


You could see a centaur warrior, a manticore, a cyclops, a deep elf pyromancer,
a fire elemental (summoned) and a vampire mosquito.

Vanquished Creatures
  A wraith (D)
  A black bear (D)
  A centaur (D)
  2 scorpions (D)
  2 orc wizards (D)
  An adder (D)
  A dart slug (D)
  3 goblins (D)
  A ball python zombie (D)
  A frilled lizard (D)
  A rat (D)
15 creatures vanquished.

Vanquished Creatures (others)
  A gargoyle (D)
  A killer bee (D)
2 creatures vanquished.

Grand Total: 17 creatures vanquished

Notes
Turn   | Place    | Note
-------+----------+-------------------------------------------
     0 | D        | emperorscorpion the Djinni Air Elementalist began the quest
                  | for the Orb.
     0 | D        | Reached XP level 1. HP: 15/15 MP: 0/0
     5 | D        | Reached skill level 3 in Spellcasting
    42 | D        | Noticed a black bear
    42 | D        | Noticed a scorpion
    42 | D        | Noticed a scorpion
    46 | D        | Reached XP level 2. HP: 13/22 MP: 0/0
    48 | D        | Reached skill level 1 in Fighting
    48 | D        | Reached skill level 1 in Armour
    57 | D        | Killed a scorpion
    58 | D        | Reached skill level 5 in Spellcasting
    58 | D        | Reached XP level 3. HP: 29/29 MP: 0/0
    58 | D        | Learned a level 1 spell: Beastly Appendage
    58 | D        | Reached XP level 4. HP: 34/34 MP: 0/0
    59 | D        | Killed a scorpion
    60 | D        | Reached skill level 6 in Spellcasting
    60 | D        | Reached XP level 5. HP: 40/40 MP: 0/0
    60 | D        | Learned a level 2 spell: Passwall
    66 | D        | Killed a black bear
    67 | D        | Reached skill level 1 in Short Blades
    67 | D        | Reached skill level 7 in Spellcasting
    67 | D        | Reached XP level 6. HP: 48/48 MP: 0/0
    73 | D        | Found a snail-covered altar of Cheibriados.
    73 | D        | Found a shadowy altar of Dithmenos.
    73 | D        | Found a white marble altar of Elyvilon.
    73 | D        | Found a blossoming altar of Fedhas.
    73 | D        | Found an opulent altar of Gozag.
    74 | D        | Found a hazy altar of Hepliaklqana.
    75 | D        | Found a viscous altar of Jiyva.
    77 | D        | Found a corrupted altar of Lugonu.
    78 | D        | Found a burning altar of Makhleb.
    79 | D        | Found a sparkling altar of Nemelex Xobeh.
    80 | D        | Found an iron altar of Okawaru.
    81 | D        | Found a stormy altar of Qazlal.
    82 | D        | Found a sacrificial altar of Ru.
    84 | D        | Found a bloodstained altar of Trog.
    85 | D        | Found a hide-covered altar of Uskayaw.
    86 | D        | Became a worshipper of Makhleb the Destroyer
    88 | D        | Found an ornate altar of the Wu Jian Council.
    89 | D        | Found a shimmering altar of Xom.
    90 | D        | Found a basalt altar of Yredelemnul.
    91 | D        | Found a glowing silver altar of Zin.
    92 | D        | Found a glowing golden altar of the Shining One.
   108 | D        | Got the +2 rapier of Light {venom, Fly rN++ Str+2}
   154 | D        | Noticed a gargoyle
   154 | D        | Noticed a wraith
   173 | D        | Reached skill level 5 in Dodging
   178 | D        | Killed a wraith
   178 | D        | Reached * piety under Makhleb
   179 | D        | Reached skill level 5 in Fighting
   179 | D        | Reached skill level 5 in Armour
   179 | D        | Reached skill level 8 in Spellcasting
   179 | D        | Reached XP level 7. HP: 44/54 MP: 0/0
   179 | D        | Learned a level 3 spell: Spider Form
   182 | D        | HP: 1/54 [gargoyle (8)]
   187 | D        | Killed a gargoyle
   188 | D        | Reached skill level 9 in Spellcasting
   190 | D        | HP: 1/56 [/static electricity (3)]
   540 | D        | Noticed a centaur warrior
   540 | D        | Noticed a deep elf pyromancer
   540 | D        | Noticed a cyclops
   540 | D        | Noticed a vampire mosquito
   540 | D        | Noticed a manticore
   545 | D        | Reached XP level 8. HP: 45/62 MP: 0/0
   546 | D        | Noticed a fire elemental
   549 | D        | Slain by a manticore

Illustrated notes

Levels and vault maps discovered:
D:        linesprint [early_d, line_temple, items_1, d_10, items_2, lair_1,
          lair_end, items_3, orc_1, orc_end, items_4, d_15, swamp_1, shoals_1,
          snake_1, spider_1, d_20, vaults_1, items_5, swamp_end, shoals_end,
          snake_end, spider_end, vaults_end, d_27, items_6, zot_1, zot_end,
          crypt_end, forest_end, elf_end, slime_end, tomb_end, abyss_end,
          pan_hell_end]

Skill      XL: |  1  2  3  4  5  6  7 |
---------------+----------------------+-----
Spellcasting   | 3 5 6 7 8 9 |  9.5
Fighting       | 2 3 4 5 6 |  6.6
Armour         | 2 3 4 5 6 |  6.5
Dodging        | 3 4 5 6 |  6.5
Short Blades   | 1 |  1.0
Stealth        | |  1.9
Invocations    | |  0.7
Evocations     | |  0.9

Action                   |  1- 3 |  4- 6 |  7- 9 || total
-------------------------+-------+-------+-------++-------
Melee: Dagger            |     7 |     8 |       ||    15
       Rapier            |       |     3 |     5 ||     8
 Cast: Shock             |     8 |     6 |     9 ||    23
       Static Discharge  |       |     2 |     2 ||     4
       Swiftness         |       |     1 |       ||     1
Evoke: Wand              |       |     2 |     1 ||     3
  Use: Potion            |     2 |     1 |     5 ||     8
Armor: Robe              |     5 |     4 |     3 ||    12
Dodge: Dodged            |     5 |     7 |    23 ||    35

Table legend: (Time is in decaauts)
 A = Elapsed time spent in this place.
 B = Non-inter-level travel time spent in this place.
 C = Inter-level travel time spent in this place.
 D = Time resting spent in this place.
 E = Time spent auto-exploring this place.
 F = Levels seen in this place.
 G = Mean time per level.
                   A        B        C        D        E       F      G
               +--------+--------+--------+--------+--------+-----+--------+
         Total |    557 |    517 |     40 |    269 |     57 |   1 |  557.0 |
       Dungeon |    557 |    517 |     40 |    269 |     57 |   1 |  557.0 |
               +--------+--------+--------+--------+--------+-----+--------+

Top non-repeatable levels by time:
       D: 557 daAuts
